 Dungeon Crawl Stone Soup version 0.31-a0-705-ga145531891 (webtiles) character file.

Game seed: 4973752077178448051

193 avis the Changeling (level 5, -2/24 HPs)
             Began as a Felid Shapeshifter on Sept 9, 2023.
             Was an Initiate of Gozag.
             Slain by Pikel
             ... wielding a +2 whip of flaming
              (3 damage)
             ... on level 4 of the Dungeon.
             The game lasted 00:19:56 (3490 turns).

avis the Changeling (Felid Shapeshifter)            Turns: 3490, Time: 00:19:57

Health: -2/24      AC:  1    Str: 12    XL:     5   Next: 44%
Magic:  6/6        EV: 18    Int: 11    God:    Gozag
Gold:   458        SH:  0    Dex: 16    Spells: 4/4 levels left
                                        Lives:  0   Deaths: 2

rFire   . .          .
                       - Unarmed
rCold   . . .        (shield unavailable)
rNeg    . . .        (body armour unavailable)
rPois   .            (helmet unavailable)
rElec   .            (cloak unavailable)
rCorr   .            (gloves unavailable)
SInv    +            (boots unavailable)
Will    .....        (no amulet)
Stlth   +            (no ring)
HPRegen 0.24/turn    (no ring)
MPRegen 0.10/turn

%: no passive effects
@: beast-form, quick
A: beast (slay +3), very small, claws 1, fangs 3, see invisible, speed 1, shaggy
fur 1, stealthy paws, no weapons or thrown items, no armour, multi-lived
a: Begin Untransformation, Renounce Religion, Potion Petition, Call Merchant,
Bribe Branch


You were on level 4 of the Dungeon.
You worshipped Gozag.
Gozag was aware of your devotion.
You were a hulking beast.
You visited 1 branch of the dungeon, and saw 4 of its levels.

You collected 508 gold pieces.
You paid 50 gold pieces to Gozag.

Inventory:

Talismans
 b - a beast talisman (active)
 c - a flux talisman
Scrolls
 d - 2 scrolls of teleportation {unknown}
 e - 5 scrolls of enchant weapon
 f - a scroll of noise {unknown}
 g - a scroll of acquirement {unknown}
 h - 2 scrolls of identify {unknown}
 i - 3 scrolls of poison {unknown}
 j - 2 scrolls of immolation {unknown}
 k - a scroll of blinking {unknown}
 l - a scroll of silence {unknown}
 o - 3 scrolls of butterflies {unknown}
Potions
 a - a potion of lignification
 m - a potion of curing {unknown}
 n - a potion of heal wounds {unknown}
 p - 2 potions of attraction {unknown}
 q - a potion of cancellation {unknown}


   Skills:
 - Level 3.0 Fighting
 * Level 3.6 Dodging
 - Level 3.0 Unarmed Combat
 - Level 5.3 Shapeshifting


You had 4 spell levels left.
You didn't know any spells.
Your spell library was empty.

Dungeon Overview and Level Annotations

Branches:
Dungeon (4/15)
 Temple: D:4-7

Altars:
Gozag
Qazlal
Ru
The Shining One

Annotations:
D:4 Pikel


Innate Abilities, Weirdness & Mutations

You are a hulking beast.
Your limbs bulge with bestial killing power. (Slay +3)
You have sharp claws.
You have razor-sharp teeth.
You have supernaturally acute eyesight. (SInv)
You cover ground quickly. (Speed+)
You are covered in fur. (AC +1)
Your paws help you pounce on unaware monsters.
You are incapable of wielding weapons or throwing items.
You cannot wear armour.
You gain extra lives every three experience levels.


Message History

The hound is severely wounded.
The hound bites you.
You scratch the hound.
You kill the hound!
Training target 3.0 for Fighting reached!
Your Fighting skill increases to level 3!
You need to enable at least one skill for training.
You now have 452 gold pieces (gained 6).
You now have 458 gold pieces (gained 6).
d - 2 scrolls labelled ICROCI WITURU (gained 1)
You start resting.
HP restored.
Found a leather armour.
Found a stone staircase leading down.
q - a grey potion You see here a +0 leather armour.
You open the door.
Found a morningstar.
Found a hand axe.
There is an open door here.
You see here a +0 hand axe.
p - 2 red potions (gained 1)
i - 3 scrolls labelled ETUKEA LYECK (gained 1)
You see here 5 stones.
Pikel is nearby!
A lemure comes into view.
You barely miss Pikel.
Pikel cracks his whip.
Pikel hits you with a +2 whip of flaming!
Pikel burns you.
The lemure shouts!
You scratch Pikel.
Pikel is lightly wounded.
You hear a shout! x2
Pikel hits you with a +2 whip of flaming!
* * * LOW HITPOINT WARNING * * *
Pikel burns you.
You die...
Pikel says, "See you in Hell!"
Your body crumbles into a pile of gold.

#.............K5..........
#.....##.#.# #... 5....
#.....##5#5######g# .....
#...........5$K55S# ....
#........#.######.# ...
#........#.# #.# ..
####..)....# #.# .
#....K#.# ### #.....h.#
#......## #.####..## ###
##..####### #####
##.......## #....
########.......# #.(..
#..............###.#..
#.............).......
#..............##..###


You could see Pikel and 2 lemures.

Vanquished Creatures
  A hound (D:4)
  A jelly (D:4)
  7 adders
  An ufetubus (D:4)
  2 dart slugs (D:1)
  An orc (D:3)
  4 ball pythons
  7 endoplasms
  3 giant cockroaches
  8 goblins
  6 hobgoblins
  2 jackals (D:3)
  6 kobolds
  2 quokkas (D:1)
  A bat (D:3)
  5 frilled lizards
  4 rats
61 creatures vanquished.

Notes
Turn   | Place    | Note
-------+----------+-------------------------------------------
     0 | D:1      | avis the Felid Shapeshifter began the quest for the Orb.
     0 | D:1      | Reached XP level 1. HP: 9/9 MP: 2/2
   113 | D:1      | Reached XP level 2. HP: 13/13 MP: 3/3
   961 | D:2      | Found an opulent altar of Gozag.
   976 | D:2      | Became a worshipper of Gozag Ym Sagoz the Greedy
   981 | D:2      | Reached skill level 4 in Shapeshifting
   981 | D:2      | Reached XP level 3. HP: 16/16 MP: 4/4
  1295 | D:2      | Found a faded altar of an unknown god.
  1384 | D:2      | Reached XP level 4. HP: 19/19 MP: 5/5
  1511 | D:2      | Succumbed to an adder's poison
  1591 | D:2      | Reached skill level 5 in Shapeshifting
  2289 | D:3      | Found a glowing golden altar of the Shining One.
  2290 | D:3      | Found a stormy altar of Qazlal.
  2749 | D:3      | Found a faded altar of an unknown god.
  2754 | D:3      | Found an opulent altar of Gozag.
  3180 | D:4      | Found a sacrificial altar of Ru.
  3236 | D:4      | Noticed a lemure
  3236 | D:4      | Noticed a lemure
  3267 | D:4      | Reached XP level 5. HP: 23/24 MP: 6/6
  3329 | D:4      | Noticed a lemure
  3329 | D:4      | Noticed Pikel
  3351 | D:4      | Slain by a lemure
  3488 | D:4      | Noticed a lemure
  3490 | D:4      | HP: 1/24 [Pikel/+2 whip of flaming (10)]
  3490 | D:4      | Slain by Pikel

Illustrated notes

Levels and vault maps discovered:
D:1:      nicolae_arrival_washed_ashore, layout_loops_ring, serial_forest,
          infiniplex_forest_clump_double, infiniplex_forest_straight_3,
          infiniplex_forest_clump_cross, infiniplex_forest_straight_2,
          infiniplex_forest_clump_small, infiniplex_forest_lined_room_,
          infiniplex_forest_straight_2
D:2:      layout_basic, basic_altar, shapermc_ecumenical_altar_gd,
          chequers_decorated_corner
D:3:      layout_basic, nicolae_overflow_squiral,
          nicolae_overflow_ecumenical_swirl, grunt_ministairs_2,
          roderic_serpentine_path, hangedman_glass_teeth
D:4:      layout_basic, nicolae_ru_path_of_blood, uniq_pikel

Skill      XL: |  1  2  3  4  5 |
---------------+----------------+-----
Fighting       | 2 3 |  3.0
Dodging        | 3 |  3.6
Shapeshifting  | 4 5 |  5.3
Unarmed Combat | |  3.0

Action                     |  1- 3 |  4- 6 || total
---------------------------+-------+-------++-------
  Melee: Unarmed           |    83 |    81 ||   164
         Bite              |     2 |     5 ||     7
         Punch             |     1 |     2 ||     3
    Use: Scroll            |       |     1 ||     1
   Stab: Sleeping          |     1 |       ||     1
 Armour: Skin              |    12 |    26 ||    38
  Dodge: Dodged            |    48 |    55 ||   103

Table legend: (Time is in decaauts)
 A = Elapsed time spent in this place.
 B = Non-inter-level travel time spent in this place.
 C = Inter-level travel time spent in this place.
 D = Time resting spent in this place.
 E = Time spent auto-exploring this place.
 F = Levels seen in this place.
 G = Mean time per level.
                   A        B        C        D        E       F      G
               +--------+--------+--------+--------+--------+-----+--------+
         Total |   2888 |   2702 |    186 |    168 |   1799 |   4 |  722.0 |
       Dungeon |   2888 |   2702 |    186 |    168 |   1799 |   4 |  722.0 |
               +--------+--------+--------+--------+--------+-----+--------+

Top non-repeatable levels by time:
     D:3: 1053 daAuts
     D:2: 854 daAuts
     D:1: 738 daAuts
     D:4: 242 daAuts
